 Dungeon Crawl Stone Soup version 0.21.1-1-g345015f (webtiles) character file.

141923 VLARC the Prestidigitator (level 17, -7/117 HPs)
             Began as a Gnoll Artificer on Mar 10, 2018.
             Was a High Priest of Hepliaklqana.
             Killed from afar by Aizul (29 damage)
             ... with a bolt of poison
             ... on level 4 of the Snake Pit.
             The game lasted 02:05:54 (35497 turns).

VLARC the Prestidigitator (Gnoll Artificer)        Turns: 35497, Time: 02:05:54

Health: -7/117     AC: 25    Str: 18    XL:     17   Next: 34%
Magic:  0/32       EV: 13    Int: 19    God:    Hepliaklqana [*****.]
Gold:   2138       SH:  0    Dex: 23    Spells: 36/38 levels left

rFire    + . .     SeeInvis +   t - +2 glaive (flame)
rCold    . . .     Gourm    .   (shield currently unavailable)
rNeg     . . .     Faith    .   Y - +2 plate armour {rF+}
rPois    .         Spirit   +   k - +2 helmet
rElec    +         Reflect  .   X - scarf {Spirit}
rCorr    .         Harm     .   A - +2 pair of gloves
MR       +....                  j - +0 pair of boots
Stlth    ++........             V - amulet "Otsiaky" {Regen+ Dex+6}
HPRegen  0.69/turn              M - ring of the Demon Prince {rElec Int+3 Stlth+}
MPRegen  0.23/turn              G - ring of see invisible

@: lethally poisoned (-7 -> -115), hasted, very quick
A: distributed training, reduced essence, fangs 1, strong nose
a: Recall Ancestor, Ancestor Identity, Transference, Idealise, Renounce Religion


You were on level 4 of the Snake Pit.
You worshipped Hepliaklqana.
Hepliaklqana was extremely pleased with you.
You were not hungry.

You visited 5 branches of the dungeon, and saw 28 of its levels.
You also visited: Volcano.

You collected 3248 gold pieces.
You spent 1110 gold pieces at shops.

Inventory:

Hand Weapons
 b - a +5 spear of pain
 d - a +2 lajatang of venom
 t - a +2 glaive of flaming (weapon)
 y - a +1 great mace of flaming
 L - a +0 shortbow of flaming
 N - a +0 arbalest of flaming
 W - a +2 great mace of flaming
Missiles
 l - 576 arrows
 D - 586 stones (quivered)
 O - 103 bolts
 Z - 4 throwing nets
Armour
 j - a +0 pair of boots (worn)
 k - a +2 helmet (worn)
 A - a +2 pair of gloves (worn)
 C - the +0 cloak of Pleasant Breezes {rC+ Int+4}
   (You bought it in a shop on level 2 of the Orcish Mines)

   It affects your intelligence (+4).
   It protects you from cold.
 X - a scarf of spirit shield (worn)
 Y - a +2 plate armour of fire resistance (worn)
Jewellery
 u - an uncursed ring of protection from fire
 G - a ring of see invisible (right hand)
 M - the ring of the Demon Prince (left hand) {rElec Int+3 Stlth+}
   (You found it on level 2 of the Snake Pit)

   [ring of intelligence]

   It affects your intelligence (+3).
   It insulates you from electricity.
   It makes you more stealthy.
 V - the amulet "Otsiaky" (around neck) {Regen+ Dex+6}
   (You found it on level 3 of the Lair of Beasts)

   [amulet of regeneration]

   It affects your dexterity (+6).
   It increases your rate of regeneration.
Wands
 m - a wand of disintegration (11)
 o - a wand of digging (23)
 I - a wand of paralysis (16)
 U - a wand of flame (48)
Scrolls
 c - a scroll of blinking {unknown}
 i - 12 scrolls of teleportation
 p - 14 scrolls of remove curse
 v - 9 scrolls of amnesia
 E - 4 scrolls of torment
 F - 8 scrolls of enchant armour
 H - a scroll of acquirement {unknown}
 J - 2 scrolls of enchant weapon
 P - 2 scrolls of fog
 Q - 5 scrolls of magic mapping
 S - 4 scrolls of identify
Potions
 a - 5 potions of curing
 e - 3 potions of might
 g - 2 potions of brilliance
 h - a potion of mutation
 n - 9 potions of flight
 q - 3 potions of haste
 r - 3 potions of agility
 s - a potion of berserk rage {unknown}
 w - a potion of cancellation
 x - 5 potions of magic
 z - 5 potions of resistance
 B - 5 potions of lignification
 K - 3 potions of heal wounds
Miscellaneous
 R - a sack of spiders
Comestibles
 f - 40 rations


   Skills:
 + Level 11.5 Fighting
 + Level 11.5 Short Blades
 + Level 11.3 Long Blades
 + Level 11.3 Axes
 + Level 11.3 Maces & Flails
 + Level 11.3 Polearms
 + Level 11.3 Staves
 + Level 11.3 Slings
 + Level 11.3 Bows
 + Level 11.3 Crossbows
 + Level 11.3 Throwing
 + Level 11.3 Armour
 + Level 12.0 Dodging
 + Level 11.5 Stealth
 + Level 11.3 Shields
 + Level 11.3 Unarmed Combat
 + Level 11.3 Spellcasting
 + Level 9.6 Conjurations
 + Level 9.6 Hexes
 + Level 9.6 Charms
 + Level 9.6 Summonings
 + Level 9.6 Necromancy
 + Level 9.6 Translocations
 + Level 9.6 Transmutations
 + Level 9.6 Fire Magic
 + Level 9.6 Ice Magic
 + Level 9.6 Air Magic
 + Level 9.6 Earth Magic
 + Level 9.6 Poison Magic
 + Level 12.2 Invocations
 + Level 12.8 Evocations


You had 36 spell levels left.
You knew the following spells:

 Your Spells              Type           Power        Failure   Level  Hunger
a - Animate Skeleton      Necr           N/A          2%          1    None
b - Apportation           Tloc           #####.       2%          1    None


Dungeon Overview and Level Annotations

Branches:
Dungeon (15/15)            Temple (1/1) D:7            Lair (6/6) D:11
 Shoals (0/4) Lair:4        Snake (4/4) Lair:3        Slime (0/5) Lair:6
    Orc (2/2) D:9             Elf (0/3) Orc:2        Vaults (0/5) D:14
 Depths (0/5) D:15

Altars:
Ashenzari
Cheibriados
Dithmenos
Elyvilon
Fedhas
Gozag
Hepliaklqana
Kikubaaqudgha
Makhleb
Nemelex Xobeh
Okawaru
Qazlal
Ru
Sif Muna
Trog
Uskayaw
Vehumet
Wu Jian
Xom
Yredelemnul
Zin
The Shining One
Beogh

Shops:
D:9 *   Orc:2 ([[=   Snake:4 (

Portals:
Hell: Lair:6
Bazaar: Snake:3

Annotations:
Snake:4 Aizul


Innate Abilities, Weirdness & Mutations

Your experience applies equally to all skills.
You have very sharp teeth.
Your uncanny sense of smell can sniff out nearby items.
Your life essence is reduced to manifest your ancestor. (-10% HP)


Message History

The nagaraja casts a spell at you. The poison arrow hits you!
You are more poisoned.
Aizul coils herself and waves her upper body at you.
The bolt of poison hits you!
You are more poisoned.
The bolt hits Ælfric!
You feel yourself speed up.
* * * LOW HITPOINT WARNING * * *
You feel extremely sick. The nagaraja spits poison at you.
The splash of poison misses you.
* * * LOW HITPOINT WARNING * * *
You feel extremely sick.
* * * LOW HITPOINT WARNING * * *
You feel very sick. Aizul casts a spell at you. The bolt of poison hits you!
You are more poisoned.
You die...

......#
*,,,,*#.............#,,,,
.####.#
**,,,,#.......N#....#,,,,
....#.#
*,,,,#.......(......,,,,
......#
***,,#.............#,,,,
.....[# ***#.....(.......#****
......##### ####N.N##...###
..........# ######R......##
..........# #...##S#######
...###...####...@..#
...###............###
....[.......#.......#
....<#......##....).#
..##)........##....)## #####
#..))).......#####...####...#
###.....####.#######....#...#
.........###.....# #........##
*
.....#...........###...##....#
*


You could see Aizul and a nagaraja.

Vanquished Creatures
  An orc warlord (Orc:1)
  A nagaraja (Snake:3)
  The ghost of Serooblart the Warrior, a journeyman MiFi of Okawaru (D:13)
  A dire elephant (Lair:6)
  A red draconian (Volcano)
  The ghost of appiemonkey the Spear-Bearer, a journeyman MiGl of Cheibriados (Orc:2)
  Erolcha (D:9)
  4 naga warriors
  The ghost of tidbits the Martial Artist, a journeyman GnTm of Cheibriados (D:12)
  A hell beast (Lair:6)
  5 hydras
  The ghost of erloom the Fighter, a journeyman GrFi of Okawaru (Lair:2)
  2 ogre magi
  7 two-headed ogres
  5 anacondas
  4 centaur warriors
  The ghost of
  1994 the Summoner, a journeyman TeSu of Sif Muna (Lair:2)
  3 shock serpents
  3 unseen horrors
  A wizard (D:14)
  A glowing orange brain (D:13)
  3 naga ritualists
  A deep elf archer (D:13)
  An obsidian statue (Snake:3)
  4 mana vipers
  3 orc sorcerers
  An oklob plant (Lair:6)
  5 centaur zombies
  A deep elf mage (D:14)
  2 cyclopes
  2 manticores
  2 ugly things
  4 salamanders
  Maurice (Orc:2)
  9 elephants
  7 naga magi
  2 guardian serpents
  A smoke demon (Lair:6)
  A gargoyle (D:11)
  4 spiny frogs
  16 black mambas
  3 orange demons (Lair:6)
  3 rime drakes (Lair:6)
  An efreet (D:15)
  6 komodo dragons
  2 ice devils (Lair:6)
  4 trolls
  13 orc warriors
  3 polar bears (Lair:1)
  2 slime creatures (D:12)
  5 dream sheep
  12 blink frogs
  4 hippogriffs
  A water elemental (D:14)
  2 wraiths
  31 yaks
  2 wyverns
  2 basilisks
  5 vampire mosquitoes
  A steam dragon (D:10)
  A hungry ghost (D:15)
  A harpy simulacrum (D:15)
  9 nagas
  3 hell hounds (Lair:6)
  An acid dragon (D:13)
  9 water moccasins
  3 porcupines
  2 hornet zombies
  5 sky beasts
  4 ice beasts
  3 phantoms
  A necrophage (D:8)
  A wolf (Lair:4)
  10 ogres
  7 centaurs
  12 crocodiles
  5 big kobolds
  3 gnoll sergeants
  A wyvern zombie (D:14)
  7 bullfrogs
  3 scorpions
  10 killer bees
  8 wights
  4 howler monkeys
  An electric eel (Snake:1)
  2 jellies
  4 crimson imps
  A bullfrog zombie (D:10)
  2 hounds
  12 orc priests
  A bullfrog skeleton (D:7)
  2 centaur skeletons
  3 iguanas
  15 orc wizards
  8 worker ants
  A hound zombie (D:8)
  2 worker ant zombies
  2 gnolls
  7 adders
  4 shadow imps
  A worm (D:5)
  2 dart slugs
  6 leopard geckos
  58 orcs
  A ball python (D:1)
  5 bats
  6 giant cockroaches
  4 goblins
  6 hobgoblins
  5 jackals
  3 quokkas
  5 frilled lizards
  13 kobolds
  8 rats
  A plant (D:9)
522 creatures vanquished.

Vanquished Creatures (collateral kills)
  Rupert (Orc:2)
  3 nagarajas
  An orc warlord (Orc:2)
  A vault guard (D:14)
  5 naga warriors
  5 hydras
  4 anacondas
  3 two-headed ogres
  2 orc high priests (Orc:2)
  2 tengu warriors
  2 naga sharpshooters
  A salamander mystic (Snake:3)
  2 wizards
  A necromancer (D:15)
  A lindwurm (Lair:6)
  2 mana vipers
  A manticore (D:15)
  3 orc sorcerers
  2 orc knights
  An ugly thing (D:12)
  4 salamanders
  3 cyclopes (D:13)
  A centaur zombie (D:15)
  9 black mambas
  5 elephants
  3 naga magi
  Joseph (Lair:1)
  An orange demon (Lair:6)
  A gargoyle (D:10)
  5 spiny frogs
  3 centaur skeletons
  An efreet (D:14)
  A rime drake (Lair:6)
  6 komodo dragons
  5 hippogriffs
  2 trolls
  A tengu conjurer (D:15)
  2 slime creatures (D:12)
  9 blink frogs (Lair:6)
  4 dream sheep (Lair:6)
  A meliai zombie (D:13)
  2 shadows (D:14)
  A vampire (D:13)
  4 wyverns
  A wraith (D:13)
  13 yaks
  A basilisk (Lair:5)
  A steam dragon (D:11)
  A vampire mosquito (D:9)
  A warg (Orc:1)
  A hungry ghost (D:13)
  17 nagas
  An acid dragon (D:15)
  10 water moccasins
  5 porcupines
  21 orc warriors
  An ice beast (D:12)
  A phantom (D:13)
  A necrophage (D:8)
  4 ogres
  2 centaurs
  4 crocodiles
  3 big kobolds
  4 bullfrogs
  2 gnoll sergeants (D:9)
  A water moccasin zombie (D:9)
  5 killer bees
  An electric eel (Snake:1)
  9 wights
  3 howler monkeys
  6 crimson imps
  2 hounds
  A bullfrog skeleton (D:12)
  4 orc priests
  7 orc wizards
  An iguana (D:11)
  A worker ant (D:12)
  A killer bee zombie (D:9)
  A hound skeleton (D:9)
  5 gnolls
  3 adders
  2 shadow imps
  An adder skeleton (D:9)
  43 orcs
  4 kobolds
  4 fungi
318 creatures vanquished.

Vanquished Creatures (others)
  3 orc warriors
  A gnoll sergeant (D:9)
  An ogre (D:9)
  35 battlemagi
  A hound (D:14)
  An orc priest (Orc:2)
  23 ancestors
  2 bushes (Lair:6)
  7 fungi
  6 plants
80 creatures vanquished.

Grand Total: 920 creatures vanquished

Notes
Turn   | Place    | Note
-------+----------+-------------------------------------------
     0 | D:1      | VLARC the Gnoll Artificer began the quest for the Orb.
     0 | D:1      | Reached XP level 1. HP: 17/17 MP: 4/4
   348 | D:1      | Reached XP level 2. HP: 22/23 MP: 6/6
   691 | D:1      | Reached XP level 3. HP: 26/28 MP: 7/7
  1280 | D:2      | Reached skill level 1 in Invocations
  1496 | D:2      | Found a basalt altar of Yredelemnul.
  1712 | D:3      | Reached skill level 1 in Long Blades
  1712 | D:3      | Reached skill level 1 in Axes
  1712 | D:3      | Reached skill level 1 in Maces & Flails
  1712 | D:3      | Reached skill level 1 in Polearms
  1712 | D:3      | Reached skill level 1 in Staves
  1712 | D:3      | Reached skill level 1 in Slings
  1712 | D:3      | Reached skill level 1 in Bows
  1712 | D:3      | Reached skill level 1 in Crossbows
  1712 | D:3      | Reached skill level 1 in Throwing
  1712 | D:3      | Reached skill level 1 in Armour
  1712 | D:3      | Reached skill level 1 in Shields
  1712 | D:3      | Reached skill level 1 in Unarmed Combat
  1712 | D:3      | Reached skill level 1 in Spellcasting
  1746 | D:3      | Reached XP level 4. HP: 34/34 MP: 8/8
  2286 | D:3      | Found a blossoming altar of Fedhas.
  2427 | D:4      | Reached skill level 1 in Conjurations
  2427 | D:4      | Reached skill level 1 in Hexes
  2427 | D:4      | Reached skill level 1 in Charms
  2427 | D:4      | Reached skill level 1 in Summonings
  2427 | D:4      | Reached skill level 1 in Necromancy
  2427 | D:4      | Reached skill level 1 in Translocations
  2427 | D:4      | Reached skill level 1 in Transmutations
  2427 | D:4      | Reached skill level 1 in Fire Magic
  2427 | D:4      | Reached skill level 1 in Ice Magic
  2427 | D:4      | Reached skill level 1 in Air Magic
  2427 | D:4      | Reached skill level 1 in Earth Magic
  2427 | D:4      | Reached skill level 1 in Poison Magic
  2443 | D:4      | Noticed an ogre
  2444 | D:4      | Reached XP level 5. HP: 32/40 MP: 8/10
  2457 | D:4      | Killed an ogre
  2471 | D:4      | Reached XP level 6. HP: 17/47 MP: 11/11
  2837 | D:4      | Reached skill level 5 in Dodging
  3122 | D:5      | Entered Level 5 of the Dungeon
  3122 | D:5      | Found a shimmering altar of Xom.
  3128 | D:5      | Noticed an ice beast
  3163 | D:5      | Killed an ice beast
  3183 | D:4      | Reached XP level 7. HP: 52/52 MP: 12/12
  4291 | D:6      | Found a sparkling altar of Nemelex Xobeh.
  4408 | D:6      | Reached XP level 8. HP: 59/60 MP: 13/13
  5007 | D:7      | You fall through a shaft for 2 floors!
  5018 | D:9      | Found a sacrificial altar of Ru.
  5033 | D:9      | Noticed a hippogriff
  5037 | D:8      | Found a stormy altar of Qazlal.
  5037 | D:8      | Noticed a two-headed ogre
  5040 | D:8      | Noticed a hippogriff
  5047 | D:8      | Killed a two-headed ogre
  5053 | D:8      | Killed a hippogriff
  5402 | D:7      | Found a staircase to the Ecumenical Temple.
  5414 | Temple   | Entered the Ecumenical Temple
  5480 | Temple   | Became a worshipper of Hepliaklqana the Forgotten
  5508 | D:7      | Reached XP level 9. HP: 51/59 MP: 14/14
  5649 | D:7      | Got a steaming bone ring
  6199 | D:8      | Reached * piety under Hepliaklqana
  6352 | D:8      | Reached skill level 5 in Fighting
  6352 | D:8      | Reached skill level 5 in Short Blades
  6450 | D:8      | Reached skill level 5 in Stealth
  6452 | D:8      | Found an opulent altar of Gozag.
  6452 | D:8      | Found a hide-covered altar of Uskayaw.
  6684 | D:8      | Found a shimmering altar of Xom.
  6686 | D:8      | Found a faded altar of an unknown god.
  6687 | D:8      | Found a bloodstained altar of Trog.
  7103 | D:8      | Found a shadowy altar of Dithmenos.
  7107 | D:8      | Found a glowing golden altar of the Shining One.
  7118 | D:8      | Identified the ring of Lunanud {Str+4 Int+2} (You found it on level 7 of the Dungeon)
  7430 | D:9      | Found Lwesang's Luxury Loot.
  7504 | D:9      | Reached skill level 5 in Invocations
  7617 | D:9      | Reached XP level 10. HP: 56/66 MP: 15/17
  7858 | D:9      | Noticed Erolcha
  7893 | D:9      | Killed Erolcha
  7893 | D:9      | Reached skill level 5 in Long Blades
  7893 | D:9      | Reached skill level 5 in Axes
  7893 | D:9      | Reached skill level 5 in Maces & Flails
  7893 | D:9      | Reached skill level 5 in Polearms
  7893 | D:9      | Reached skill level 5 in Staves
  7893 | D:9      | Reached skill level 5 in Slings
  7893 | D:9      | Reached skill level 5 in Bows
  7893 | D:9      | Reached skill level 5 in Crossbows
  7893 | D:9      | Reached skill level 5 in Throwing
  7893 | D:9      | Reached skill level 5 in Armour
  7893 | D:9      | Reached skill level 5 in Shields
  7893 | D:9      | Reached skill level 5 in Unarmed Combat
  7893 | D:9      | Reached skill level 5 in Spellcasting
  9550 | D:9      | Found a staircase to the Orcish Mines.
  9627 | D:9      | Reached XP level 11. HP: 67/73 MP: 19/19
  9720 | D:9      | Noticed a three-headed hydra
  9726 | D:9      | Killed a three-headed hydra
  9848 | D:10     | Entered Level 10 of the Dungeon
  9985 | D:10     | Noticed a two-headed ogre
 10277 | D:9      | Killed a two-headed ogre
 10277 | D:9      | Reached skill level 5 in Conjurations
 10277 | D:9      | Reached skill level 5 in Hexes
 10277 | D:9      | Reached skill level 5 in Charms
 10277 | D:9      | Reached skill level 5 in Summonings
 10277 | D:9      | Reached skill level 5 in Necromancy
 10277 | D:9      | Reached skill level 5 in Translocations
 10277 | D:9      | Reached skill level 5 in Transmutations
 10277 | D:9      | Reached skill level 5 in Fire Magic
 10277 | D:9      | Reached skill level 5 in Ice Magic
 10277 | D:9      | Reached skill level 5 in Air Magic
 10277 | D:9      | Reached skill level 5 in Earth Magic
 10277 | D:9      | Reached skill level 5 in Poison Magic
 10859 | D:10     | Found a basalt altar of Yredelemnul.
 11516 | D:10     | Noticed an unseen horror
 11728 | D:11     | Noticed a green ugly thing
 11778 | D:10     | Killed a green ugly thing
 13208 | D:11     | Noticed a cyclops
 13449 | D:11     | Found a staircase to the Lair.
 13477 | D:11     | Noticed an unseen horror
 13492 | D:11     | Killed an unseen horror
 13508 | D:11     | Noticed an eight-headed hydra
 13841 | D:9      | Bought a +0 lajatang for 210 gold pieces
 13989 | Lair:1   | Entered Level 1 of the Lair of Beasts
 14012 | Lair:1   | Reached ** piety under Hepliaklqana
 14013 | Lair:1   | Remembered your ancestor Ælfric as a battlemage
 14052 | Lair:1   | Reached XP level 12. HP: 72/81 MP: 22/22
 14460 | Lair:1   | Noticed Joseph
 14469 | Lair:1   | Killed Joseph
 15034 | Lair:2   | Noticed 1994's ghost (journeyman TeSu)
 15049 | Lair:2   | Killed 1994's ghost
 15137 | Lair:2   | Reached *** piety under Hepliaklqana
 15555 | Lair:2   | Noticed erloom's ghost (journeyman GrFi)
 15593 | Lair:2   | Killed erloom's ghost
 16204 | Lair:3   | Noticed a seven-headed hydra
 16592 | D:11     | Killed an eight-headed hydra
 16854 | D:11     | Reached skill level 10 in Evocations
 17191 | Lair:3   | Killed a five-headed hydra
 17684 | Lair:3   | Got a warped graven amulet
 17823 | Lair:3   | Found a staircase to the Snake Pit.
 17859 | Lair:3   | Reached **** piety under Hepliaklqana
 17903 | Lair:3   | Reached XP level 13. HP: 88/88 MP: 24/24
 18568 | Lair:4   | Found a staircase to the Shoals.
 18632 | Lair:4   | Identified the amulet "Otsiaky" {Regen+ Dex+6} (You found it on level 3 of the Lair of Beasts)
 19130 | Lair:4   | Reached ***** piety under Hepliaklqana
 20579 | Lair:6   | Entered Level 6 of the Lair of Beasts
 20986 | Lair:6   | Reached XP level 14. HP: 83/97 MP: 24/26
 21203 | Lair:6   | Reached skill level 10 in Dodging
 21263 | Lair:6   | Found a dark tunnel.
 21272 | Volcano  | Entered a volcano
 21443 | Volcano  | Noticed a red draconian
 21460 | Volcano  | Killed a red draconian
 21840 | Lair:6   | Reached skill level 10 in Invocations
 21977 | Lair:6   | Found a burning altar of Makhleb.
 22118 | Lair:6   | Found a gateway to Hell.
 22132 | Lair:6   | Got a faintly humming buckler
 22180 | Lair:6   | Identified the +0 buckler "Puheogiq" {rElec rC+ rN+} (You found it on level 6 of the Lair of Beasts)
 22219 | Lair:6   | Noticed a dire elephant
 22228 | Lair:6   | Killed a dire elephant
 22513 | Lair:6   | Found a staircase to the Slime Pits.
 23890 | D:12     | Noticed tidbits's ghost (journeyman GnTm)
 23906 | D:12     | Killed tidbits's ghost
 24018 | D:12     | Reached ****** piety under Hepliaklqana
 24198 | D:12     | Reached XP level 15. HP: 103/103 MP: 28/28
 24206 | D:12     | Found a shadowy altar of Dithmenos.
 24442 | D:12     | Learned a level 1 spell: Animate Skeleton
 24444 | D:12     | Learned a level 1 spell: Apportation
 24746 | D:13     | Reached skill level 10 in Fighting
 24746 | D:13     | Reached skill level 10 in Short Blades
 25052 | D:13     | Reached skill level 10 in Stealth
 25223 | D:13     | Noticed Serooblart's ghost (journeyman MiFi)
 25252 | D:13     | Killed Serooblart's ghost
 26035 | D:14     | Found a gate to the Vaults.
 27054 | D:14     | Reached skill level 10 in Long Blades
 27054 | D:14     | Reached skill level 10 in Axes
 27054 | D:14     | Reached skill level 10 in Maces & Flails
 27054 | D:14     | Reached skill level 10 in Polearms
 27054 | D:14     | Reached skill level 10 in Staves
 27054 | D:14     | Reached skill level 10 in Slings
 27054 | D:14     | Reached skill level 10 in Bows
 27054 | D:14     | Reached skill level 10 in Crossbows
 27054 | D:14     | Reached skill level 10 in Throwing
 27054 | D:14     | Reached skill level 10 in Armour
 27054 | D:14     | Reached skill level 10 in Shields
 27054 | D:14     | Reached skill level 10 in Unarmed Combat
 27054 | D:14     | Reached skill level 10 in Spellcasting
 27162 | D:13     | Got a pitted pewter ring
 27190 | D:13     | Identified the ring "Poiffips" {Str+5 Int+3 Dex+3} (You found it on level 13 of the Dungeon)
 27413 | Orc:1    | Entered Level 1 of the Orcish Mines
 27525 | Orc:1    | Noticed an orc warlord
 27601 | Orc:1    | Killed an orc warlord
 27986 | Orc:2    | Entered Level 2 of the Orcish Mines
 27991 | Orc:2    | Noticed appiemonkey's ghost (journeyman MiGl)
 27998 | Orc:2    | Noticed Maurice
 28045 | Orc:2    | Killed Maurice
 28154 | Orc:2    | Found a roughly hewn altar of Beogh.
 28174 | Orc:2    | Found Imebbioxe's Jewellery Shoppe.
 28199 | Orc:2    | Killed appiemonkey's ghost
 28437 | Orc:2    | Noticed Rupert
 28455 | Orc:2    | Killed Rupert
 28480 | Orc:2    | Found a staircase to the Elven Halls.
 28488 | Orc:2    | Found a roughly hewn altar of Beogh.
 28548 | Orc:2    | Found a roughly hewn altar of Beogh.
 28548 | Orc:2    | Found Gekli's Antique Armour Boutique.
 28629 | Orc:2    | Found a roughly hewn altar of Beogh.
 28670 | Orc:2    | Found a roughly hewn altar of Beogh.
 28885 | Orc:2    | Noticed an orc warlord
 29067 | Orc:2    | Reached XP level 16. HP: 111/111 MP: 30/30
 29260 | Orc:2    | Found a roughly hewn altar of Beogh.
 29260 | Orc:2    | Found Momus's Antique Armour Shop.
 29263 | Orc:2    | Found Ommeoc's Antique Weapon Boutique.
 29276 | Orc:2    | Bought a heavily runed plate armour for 672 gold pieces
 29276 | Orc:2    | Bought a crude cloak for 228 gold pieces
 29289 | Orc:2    | Identified the +1 plate armour "Zekeptoi" {*Drain rCorr Int+3} (You bought it in a shop on level 2 of the Orcish Mines)
 29309 | Orc:2    | Identified the cursed +0 cloak of Pleasant Breezes {rC+ Int+4} (You bought it in a shop on level 2 of the Orcish Mines)
 29472 | Orc:2    | Found a roughly hewn altar of Beogh.
 29690 | D:15     | Entered Level 15 of the Dungeon
 30275 | D:15     | Paralysed by a wizard for 7 turns
 30456 | D:15     | Found a staircase to the Depths.
 30807 | Snake:1  | Entered Level 1 of the Snake Pit
 32618 | Snake:2  | Noticed a nagaraja
 32625 | Snake:2  | Killed a nagaraja
 32634 | Snake:2  | Got a vibrating iron ring
 32636 | Snake:2  | Identified the ring of the Demon Prince {rElec Int+3 Stlth+} (You found it on level 2 of the Snake Pit)
 33036 | Snake:2  | HP: 3/112 [black mamba (7)]
 33184 | Snake:2  | Noticed a nagaraja
 33195 | Snake:2  | Killed a nagaraja
 33740 | Snake:2  | Reached XP level 17. HP: 113/117 MP: 30/32
 34538 | Snake:3  | Found a shimmering altar of Xom.
 35067 | Snake:3  | Found a gateway to a bazaar.
 35140 | Snake:4  | Entered Level 4 of the Snake Pit
 35262 | Snake:4  | Found Pezoehos's Antique Weapon Boutique.
 35485 | Snake:4  | Noticed Aizul
 35497 | Snake:4  | Killed from afar by Aizul

Skill      XL: |  1  2  3  4  5  6  7  8  9 10 11 12 13 14 15 16 17 |
---------------+----------------------------------------------------+-----
Invocations    | 1 2 3 4 5 6 7 8 9 10 11 12 | 12.2
Long Blades    | 1 2 3 4 5 6 7 8 9 10 11 | 11.3
Axes           | 1 2 3 4 5 6 7 8 9 10 11 | 11.3
Maces & Flails | 1 2 3 4 5 6 7 8 9 10 11 | 11.3
Polearms       | 1 2 3 4 5 6 7 8 9 10 11 | 11.3
Staves         | 1 2 3 4 5 6 7 8 9 10 11 | 11.3
Slings         | 1 2 3 4 5 6 7 8 9 10 11 | 11.3
Bows           | 1 2 3 4 5 6 7 8 9 10 11 | 11.3
Crossbows      | 1 2 3 4 5 6 7 8 9 10 11 | 11.3
Throwing       | 1 2 3 4 5 6 7 8 9 10 11 | 11.3
Armour         | 1 2 3 4 5 6 7 8 9 10 11 | 11.3
Shields        | 1 2 3 4 5 6 7 8 9 10 11 | 11.3
Unarmed Combat | 1 2 3 4 5 6 7 8 9 10 11 | 11.3
Spellcasting   | 1 2 3 4 5 6 7 8 9 10 11 | 11.3
Conjurations   | 1 2 3 4 5 6 7 8 9 |  9.6
Hexes          | 1 2 3 4 5 6 7 8 9 |  9.6
Charms         | 1 2 3 4 5 6 7 8 9 |  9.6
Summonings     | 1 2 3 4 5 6 7 8 9 |  9.6
Necromancy     | 1 2 3 4 5 6 7 8 9 |  9.6
Translocations | 1 2 3 4 5 6 7 8 9 |  9.6
Transmutations | 1 2 3 4 5 6 7 8 9 |  9.6
Fire Magic     | 1 2 3 4 5 6 7 8 9 |  9.6
Ice Magic      | 1 2 3 4 5 6 7 8 9 |  9.6
Air Magic      | 1 2 3 4 5 6 7 8 9 |  9.6
Earth Magic    | 1 2 3 4 5 6 7 8 9 |  9.6
Poison Magic   | 1 2 3 4 5 6 7 8 9 |  9.6
Fighting       | 3 4 5 6 7 8 9 10 11 | 11.5
Short Blades   | 3 4 5 6 7 8 9 10 11 | 11.5
Dodging        | 5 6 7 8 9 10 11 12 | 12.0
Stealth        | 3 4 5 6 7 8 9 10 11 | 11.5
Evocations     | 7 8 9 10 11 12 | 12.8

Action                   |  1- 3 |  4- 6 |  7- 9 | 10-12 | 13-15 | 16-18 || total
-------------------------+-------+-------+-------+-------+-------+-------++-------
Melee: Short sword       |    13 |       |       |       |       |       ||    13
       Spear             |   158 |    40 |       |    17 |       |       ||   215
       Bite              |    14 |     6 |    41 |    88 |   149 |    51 ||   349
       Trident           |       |    75 |   355 |   585 |       |       ||  1015
       Punch             |       |     1 |       |     1 |     3 |       ||     5
       Lajatang          |       |       |       |   206 |   474 |       ||   680
       Falchion          |       |       |       |     7 |    30 |       ||    37
       Glaive            |       |       |       |       |   442 |   466 ||   908
       Great mace        |       |       |       |       |    20 |       ||    20
 Fire: Arbalest          |       |       |       |       |    19 |     2 ||    21
       Shortbow          |       |       |       |       |     4 |       ||     4
Throw: Throwing net      |       |       |       |     1 |       |       ||     1
Invok: Ancestor Identity |       |       |       |     1 |       |       ||     1
       Recall Ancestor   |       |       |       |     3 |     5 |     3 ||    11
       Ancestor Life: Ba |       |       |       |     1 |       |       ||     1
       Idealise          |       |       |       |       |     5 |     9 ||    14
       Transference      |       |       |       |       |     1 |     1 ||     2
Evoke: Wand              |       |    11 |    18 |    35 |    23 |    13 ||   100
       Sack of spiders   |       |       |       |       |     1 |       ||     1
  Use: Scroll            |       |     9 |    13 |     9 |     9 |     5 ||    45
       Potion            |       |       |       |     2 |     7 |     6 ||    15
 Stab: Sleeping          |     3 |     4 |     1 |     5 |     3 |     1 ||    17
       Confused          |       |     1 |       |       |       |       ||     1
       Distracted        |       |       |     4 |    11 |    21 |    13 ||    49
       Betrayed ally     |       |       |       |     1 |       |       ||     1
       Paralysed         |       |       |       |     3 |       |       ||     3
  Eat: Chunk             |     3 |     5 |     8 |    19 |    33 |     6 ||    74
       Ration            |       |       |     2 |     4 |     1 |     5 ||    12
Armor: Leather armour    |    42 |    13 |       |    14 |       |       ||    69
       Scale mail        |       |    13 |   125 |   186 |   149 |       ||   473
       Chain mail        |       |       |       |    80 |       |       ||    80
       Plate armour      |       |       |       |       |   409 |   294 ||   703
       Skin              |       |       |       |       |    20 |       ||    20
Dodge: Dodged            |   106 |    62 |   209 |   453 |   720 |   281 ||  1831
       Deflected         |       |       |       |     4 |       |       ||     4
Block: Buckler           |       |       |    49 |   126 |       |       ||   175
       Rpst.: Falchion   |       |       |       |     2 |     5 |       ||     7
